 Dungeon Crawl Stone Soup version 0.30-a0-1114-gd936c97349 (webtiles) character file.

Game seed: 15306423869397031114

72 holysushi the Cutter (level 4, 0/35 HPs)
             Began as a Demonspawn Monk on Apr 21, 2023.
             Was a Believer of Vehumet.
             Slain by Terence
             ... wielding a +1 mace of venom
              (4 damage)
             ... on level 2 of the Dungeon.
             The game lasted 00:02:34 (1491 turns).

holysushi the Cutter (Demonspawn Monk)              Turns: 1491, Time: 00:02:34

Health: 0/35       AC:  2    Str: 15    XL:     4   Next: 7%
Magic:  0/4        EV: 13    Int: 10    God:    Vehumet [**....]
Gold:   55         SH:  0    Dex: 17    Spells: 3/3 levels left

rFire   . . .      SeeInvis .    a - +0 short sword
rCold   x . .      Faith    .    d - orb {light}
rNeg    . . .      Spirit   +    b - +0 robe
rPois   .          Reflect  .    (no helmet)
rElec   .          Rampage  .    (no cloak)
rCorr   .                        (no gloves)
Will    .....                    (no boots)
Stlth   +                        p - amulet of guardian spirit
HPRegen 0.25/turn                (no ring)
MPRegen 0.09/turn                (no ring)

@: confused, mighty, brilliant, lethally poisoned (0 -> -5), ambrosia-drunk,
attractive, hasted, glowing, very quick
A: hooves 1, ignite blood 1, strong 1, cold vulnerability 1, subdued magic 1
a: Renounce Religion


You were on level 2 of the Dungeon.
You worshipped Vehumet.
Vehumet was pleased with you.
You visited 1 branch of the dungeon, and saw 3 of its levels.

You collected 55 gold pieces.

Inventory:

Hand Weapons
 a - a +0 short sword (weapon)
Armour
 b - a +0 robe (worn)
 d - an orb of light (worn)
 i - a +0 buckler
Jewellery
 f - a ring of positive energy
 l - a ring of ice
 p - an amulet of guardian spirit (around neck)
Wands
 n - a wand of roots (7)
Scrolls
 g - 3 scrolls of identify {unknown}
 j - a scroll of brand weapon {unknown}
 m - a scroll of poison {unknown}
 r - a scroll of teleportation {unknown}
Potions
 k - a potion of brilliance
 o - a potion of haste


   Skills:
 - Level 3.0 Fighting
 + Level 4.5 Short Blades
 - Level 2.6 Dodging


You had 3 spell levels left.
You didn't know any spells.
Your spell library contained the following spells:

 Spells                   Type           Power      Damage    Failure   Level
 Foxfire                  Conj/Fire      0%         2x1d4     32%         1
 Static Discharge         Conj/Air       0%         2-2/arc   45%         2
 Airstrike                Air            0%         2d(0-16)  98%         4
 Summon Lightning Spire   Summ/Air       0%         N/A       98%         4


Dungeon Overview and Level Annotations

Branches:
Dungeon (3/15) Zot: 16530

Altars:
Vehumet

Annotations:
D:2 Sigmund, Terence


Innate Abilities, Weirdness & Mutations

You have large cloven feet.
Your demonic aura sometimes causes spilled blood to erupt in flames.
Your muscles are strong. (Str +4, Int/Dex -1)
You are vulnerable to cold. (rC-)
Your spells are a little easier to cast, but a little less powerful.


Message History

a ball python corpse; a dart slug corpse
Okay, then.
It was a potion of attraction.
You feel attractive to monsters.
* * * LOW HITPOINT WARNING * * *
You feel very sick.
Terence hits you with a +1 mace of venom!
* * * LOW HITPOINT WARNING * * *
It was a potion of heal wounds.
You feel much better.
You feel very sick.
Terence hits you with a +1 mace of venom.
You are lethally poisoned!
It was a potion of brilliance.
You feel clever all of a sudden.
You feel very sick. Terence misses you.
It was a potion of haste.
You feel yourself speed up.
You feel very sick. Terence barely misses you.
Okay, then.
It was a potion of mutation.
You feel extremely strange.
Your connection to magic feels subdued.
You feel vulnerable to cold.
You feel stronger.
* * * LOW HITPOINT WARNING * * *
You feel sick.
It was a potion of might.
You feel very mighty all of a sudden.
* * * LOW HITPOINT WARNING * * *
You feel sick.
Terence hits you with a +1 mace of venom.
* * * LOW HITPOINT WARNING * * *
You are confused.
You feel invigorated.
* * * LOW HITPOINT WARNING * * *
You feel sick.
You bump into the rock wall.
* * * LOW HITPOINT WARNING * * *
You feel sick.
Terence hits you with a +1 mace of venom!
You die...

#. #.# #.##.#
#....# #.# #..###
#.# ##.## #.# #⌠.⌠#
#.# ##.## #.# #⌠@⌠#
# #.# ##@## .#.
#.## #⌠.⌠# ...
#>.###.# ##.## #.#
######.....# ...
#.. ....@†..###.#
... #..
######..####.......
#.# #............#
##..
###..#########.#
..... #....#######
..#####.


You could see Terence.

Vanquished Creatures
  4 adders (D:2)
  A worm (D:2)
  A dart slug (D:2)
  2 endoplasms (D:1)
  2 giant cockroaches
  2 goblins (D:1)
  6 hobgoblins
  4 kobolds
  2 quokkas (D:1)
  3 ball pythons
  5 bats
  A frilled lizard (D:1)
  A rat (D:3)
34 creatures vanquished.

Notes
Turn   | Place    | Note
-------+----------+-------------------------------------------
     0 | D:1      | holysushi the Demonspawn Monk began the quest for the Orb.
     0 | D:1      | Reached XP level 1. HP: 18/18 MP: 1/1
   126 | D:1      | Reached skill level 3 in Short Blades
   201 | D:1      | Gained mutation: Your demonic aura sometimes causes spilled
                  | blood to erupt in flames. [demonic ancestry]
   201 | D:1      | Reached XP level 2. HP: 15/24 MP: 2/2
   940 | D:2      | Reached XP level 3. HP: 29/29 MP: 3/3
  1023 | D:2      | Reached skill level 4 in Short Blades
  1180 | D:2      | Noticed Sigmund
  1404 | D:2      | Noticed Terence
  1420 | D:2      | Gained mutation: You have large cloven feet. [demonic
                  | ancestry]
  1420 | D:2      | Reached XP level 4. HP: 26/35 MP: 4/4
  1467 | D:2      | Found a faded altar of an unknown god.
  1473 | D:2      | Prayed at the altar of an unknown god.
  1473 | D:2      | Became a worshipper of Vehumet
  1473 | D:2      | Reached * piety under Vehumet
  1473 | D:2      | Offered knowledge of Foxfire by Vehumet.
  1473 | D:2      | Reached ** piety under Vehumet
  1488 | D:2      | Gained mutation: Your spells are a little easier to cast,
                  | but a little less powerful. [potion of mutation]
  1488 | D:2      | Gained mutation: You are vulnerable to cold. (rC-) [potion
                  | of mutation]
  1488 | D:2      | Gained mutation: Your muscles are strong. (Str +4, Int/Dex
                  | -1) [potion of mutation]
  1491 | D:2      | Slain by Terence

Illustrated notes

Levels and vault maps discovered:
D:1:      ncdulo_wetmaze, layout_loops_ring, amcnicky_mini_pool_small
D:2:      layout_loops_ring, ebering_ecumenical_altar_hall, uniq_terence,
          uniq_crazy_yiuf_cottage, uniq_sigmund
D:3:      layout_loops_corners, eino_tiny_chamber,
          minmay_fractal_squares_gapless_5

Skill      XL: |  1  2  3 |
---------------+----------+-----
Short Blades   | 3 4 |  4.5
Fighting       | |  3.0
Dodging        | |  2.6

Action                     |  1- 3 |  4- 6 || total
---------------------------+-------+-------++-------
  Melee: Short sword       |   129 |     9 ||   138
         Kick              |       |     5 ||     5
    Use: Potion            |       |     7 ||     7
 Armour: Robe              |    28 |       ||    28
  Dodge: Dodged            |    85 |     6 ||    91

Table legend: (Time is in decaauts)
 A = Elapsed time spent in this place.
 B = Non-inter-level travel time spent in this place.
 C = Inter-level travel time spent in this place.
 D = Time resting spent in this place.
 E = Time spent auto-exploring this place.
 F = Levels seen in this place.
 G = Mean time per level.
                   A        B        C        D        E       F      G
               +--------+--------+--------+--------+--------+-----+--------+
         Total |   1469 |   1458 |     11 |    121 |    950 |   3 |  489.7 |
       Dungeon |   1469 |   1458 |     11 |    121 |    950 |   3 |  489.7 |
               +--------+--------+--------+--------+--------+-----+--------+

Top non-repeatable levels by time:
     D:1: 924 daAuts
     D:2: 366 daAuts
     D:3: 178 daAuts
